 Dungeon Crawl Stone Soup version 0.25-a0-544-gee0576305d (webtiles) character file.

Game seed: 4676516179487231439, levelgen mode: deterministic

154 Esekla the Magician (level 5, -6/28 HPs)
             Began as a Deep Elf Wizard on Feb 20, 2020.
             Killed from afar by an orc wizard (9 damage)
             ... with a puff of flame
             ... on level 3 of the Dungeon.
             The game lasted 00:17:21 (2095 turns).

Esekla the Magician (Deep Elf Wizard)               Turns: 2095, Time: 00:17:22

Health: -6/28      AC:  5    Str:  5    XL:     5   Next: 13%
Magic:  2/15       EV: 13    Int: 23    God:
Gold:   151        SH:  0    Dex: 13    Spells: 10/16 levels left

rFire    . . .     SeeInvis .   f - +0 short sword
rCold    . . .     Gourm    .   (no shield)
rNeg     . . .     Faith    .   a - +0 robe
rPois    .         Spirit   .   b - +0 hat
rElec    .         Reflect  .   l - +1 cloak
rCorr    .         Harm     .   (no gloves)
MR       .....                  h - +0 pair of boots
Stlth    ++........             (no amulet)
HPRegen  0.09/turn              (no ring)
MPRegen  0.14/turn              (no ring)

@: very slightly contaminated
A: no striking features
a: no special abilities


You were on level 3 of the Dungeon.
You were hungry.

You visited 1 branch of the dungeon, and saw 3 of its levels.

You collected 151 gold pieces.

Inventory:

Hand Weapons
 f - a +0 short sword (weapon)
 r - a +1 dagger of flaming
Missiles
 m - 8 poisoned darts (quivered)
Armour
 a - a +0 robe (worn)
 b - a +0 hat (worn)
 h - a +0 pair of boots (worn)
 j - a scarf of spirit shield
 l - a +1 cloak (worn)
Jewellery
 k - an uncursed ring of teleportation
Scrolls
 c - 2 scrolls of remove curse
 e - 3 scrolls of teleportation {unknown}
 g - a scroll of amnesia {unknown}
 o - a scroll of identify {unknown}
 p - a scroll of random uselessness {unknown}
 s - a scroll of blinking {unknown}
Potions
 i - a potion of lignification {unknown}
 n - a potion of mutation {unknown}
Comestibles
 d - 4 rations
 q - a chunk of flesh


   Skills:
 + Level 0.2 Short Blades
 + Level 2.9 Dodging
 + Level 2.6 Stealth
 * Level 6.4 Spellcasting
 * Level 2.6 Conjurations
   Level 1.1 Summonings
 * Level 1.7 Translocations
 * Level 0.6 Air Magic
 * Level 0.7 Poison Magic


You had 10 spell levels left.
You knew the following spells:

 Your Spells              Type           Power        Failure   Level  Hunger
a - Magic Dart            Conj           ###.         2%          1    None
b - Blink                 Tloc           N/A          6%          2    None
c - Mephitic Cloud        Conj/Pois/Air  ##......     14%         3    #......

Your spell library contained the following spells:

 Spells                   Type           Power        Failure   Level  Hunger
 Call Imp                 Summ           ##......     8%          2    None
 Slow                     Hex            #.......     12%         2    None
 Conjure Flame            Conj/Fire      ##......     14%         3    #......


Dungeon Overview and Level Annotations

Branches:
Dungeon (3/15)

Altars:
Cheibriados
Fedhas
Nemelex Xobeh
Trog
Xom


Message History

* * * LOW HITPOINT WARNING * * *
The orc wizard misses you. The orc wizard closely misses you.
You hit the orc wizard but do no damage.
The orc wizard is severely wounded.
The orc wizard closely misses you. The orc wizard casts a spell at you.
The magic dart hits you.
* * * LOW HITPOINT WARNING * * *
You barely miss the orc wizard.
The orc wizard is severely wounded.
The orc wizard misses you.
The orc wizard hits you but does no damage.
The orc wizard hits you with a +0 dagger.
* * * LOW HITPOINT WARNING * * *
The orc wizard is no longer moving quickly.
There is a stone staircase leading up here.
The orc wizard points at you and mumbles some strange words.
The puff of flame hits you!
You die...

.......# #.# o #####.##
#.## . # #.# #.##o#
#####.####### #.##.##
............#### #.#.#.w
.####.####...#.## #..# #)##
.# #.##...#....## #.## ##.#
.#
#.##.#......)####.###w###.#
.#
#...........@o..wo.#......#
.#
####.##......######.###.###
.# #.##.#...## ### .# .#
#.##(##)## # .# #.##.##...
.#######.##.#####
............# ########.####
########.#


You could see a worm, an orc priest and an orc wizard.

Vanquished Creatures
  Jessica (D:2)
  An orc wizard (D:3)
  5 adders
  An ooze (D:3)
  A worm (D:2)
  A dart slug (D:2)
  A leopard gecko (D:3)
  4 orcs
  3 giant cockroaches (D:3)
  7 hobgoblins
  3 kobolds
  3 quokkas
  5 bats
  4 frilled lizards
  3 goblins
  A jackal skeleton (D:3)
  2 rats
46 creatures vanquished.

Notes
Turn   | Place    | Note
-------+----------+-------------------------------------------
     0 | D:1      | Esekla the Deep Elf Wizard began the quest for the Orb.
     0 | D:1      | Reached XP level 1. HP: 10/10 MP: 7/7
   693 | D:2      | Reached skill level 5 in Spellcasting
   693 | D:2      | Reached XP level 2. HP: 14/15 MP: 7/10
   820 | D:2      | Found a blossoming altar of Fedhas.
  1107 | D:2      | Reached XP level 3. HP: 14/19 MP: 0/12
  1201 | D:2      | Learned a level 2 spell: Blink
  1217 | D:2      | Noticed Jessica
  1262 | D:2      | Found a sparkling altar of Nemelex Xobeh.
  1271 | D:2      | Learned a level 3 spell: Mephitic Cloud
  1272 | D:2      | Killed Jessica
  1272 | D:2      | Reached skill level 6 in Spellcasting
  1405 | D:2      | Reached XP level 4. HP: 22/24 MP: 9/14
  1805 | D:3      | Found a sparkling altar of Nemelex Xobeh.
  1807 | D:3      | Found a bloodstained altar of Trog.
  1807 | D:3      | Found a stormy altar of Qazlal.
  1809 | D:3      | Found a shimmering altar of Xom.
  1809 | D:3      | Found a sparkling altar of Nemelex Xobeh.
  1809 | D:3      | Found a snail-covered altar of Cheibriados.
  2070 | D:3      | Reached XP level 5. HP: 18/28 MP: 2/15
  2095 | D:3      | Killed from afar by an orc wizard

Levels and vault maps discovered:
D:1:      tarquinn_simple_flora_water_d, layout_basic, minmay_tripent
D:2:      layout_loops_corners, fedhas_altar_1, nemelex_dance_club_becter,
          uniq_jessica, uniq_robin
D:3:      layout_loops_ring, doesnt_xom_only_xom, first_ration

Skill      XL: |  1  2  3 |
---------------+----------+-----
Spellcasting   | 5 6 |  6.4
Conjurations   | 2 |  2.6
Short Blades   | |  0.2
Dodging        | |  2.9
Stealth        | |  2.6
Summonings     | |  1.1
Translocations | |  1.7
Air Magic      | |  0.6
Poison Magic   | |  0.7

Action                   |  1- 3 |  4- 6 || total
-------------------------+-------+-------++-------
Melee: Short sword       |    38 |    40 ||    78
 Cast: Magic Dart        |    52 |    48 ||   100
       Mephitic Cloud    |       |     2 ||     2
  Use: Scroll            |     1 |       ||     1
 Stab: Sleeping          |     3 |     4 ||     7
       Confused          |       |     1 ||     1
  Eat: Chunk             |     1 |     2 ||     3
Armor: Robe              |    21 |    14 ||    35
Dodge: Dodged            |    47 |    36 ||    83

Table legend:
 A = Non-vault XP
 B = Vault XP
 C = Vault XP percentage of total XP
 D = Non-vault monster count
 E = Vault monster count
 F = Vault count percentage of total count
                 A         B        C        D         E       F
            +---------+---------+-------+---------+---------+-------
      Total |     180 |      40 |  18.2 |      44 |       2 |   4.3
            +---------+---------+-------+---------+---------+-------
        D:1 |       1 |       0 |   0.0 |       1 |       0 |   0.0
        D:2 |      50 |      40 |  44.4 |      14 |       2 |  12.5
        D:3 |     129 |       0 |   0.0 |      29 |       0 |   0.0
            +---------+---------+-------+---------+---------+-------
